AoeStats
← [KMNB] Bandeira

African Clearing

506838480Analyzed
2v2 RM · 18d ago on Sep 15, 2026· 24m 26s· 4 players
Game mode
Random Map
Map size
Medium (4 player)
Population
200
Speed
Normal
Resources
Standard
Victory
Conquest
Starting age
Dark Age
Ending age
Imperial Age
RankedLock teamsTeams togetherTeam positionsShared explorationLock speedFull tech treeHidden civsTurbo modeCheats
Victory
Defeat
🇧🇷 Italians · Brazil
1537
+15
🇧🇷 Magyars · Brazil
1488
+17
🇻🇳 Koreans · Vietnam
1518
-16
🇪🇨 Persians · Ecuador
1502
-16
[ECU] QUITUS
5:10 Loom
12:35 Feudal Age
15:12 Double-Bit Axe
16:06 Forging
16:34 Horse Collar
22:05 Castle Age
21:11 Bloodlines
DALAT_M<O>NGKHAN
4:47 Loom
14:36 Feudal Age
19:58 Castle Age
18:21 Double-Bit Axe
[KMNB] Bandeira
7:27 Loom
11:49 Feudal Age
13:23 Double-Bit Axe
16:04 Scale Barding Armor
22:40 Castle Age
22:34 Wheelbarrow
22:10 Bloodlines
23:08 Light Cavalry
23:54 Husbandry
24:40 Horse Collar
25:16 Bow Saw
[KMNB] Dedão
2:49 Loom
13:50 Feudal Age
18:10 Castle Age
16:17 Double-Bit Axe
16:55 Gold Mining
17:31 Fletching
19:53 Bodkin Arrow
19:49 Horse Collar
20:27 Bow Saw
25:13 Ballistics
25:02 Padded Archer Armor
Connection lost

Rejoining the realm…

Still unreachable

The connection could not be restored.

Session expired

The server has moved on; the page needs a fresh start.